 Dungeon Crawl Stone Soup version 0.23-a0-622-g59b4ea9c50 (webtiles) character file.

28 Maize the Covered (level 3, -3/33 HPs)
             Began as a Minotaur Fighter on Dec 24, 2018.
             Killed from afar by Natasha (4 damage)
             ... with a magic dart
             ... on level 2 of the Dungeon.
             The game lasted 00:00:53 (391 turns).

Maize the Covered (Minotaur Fighter)                 Turns: 391, Time: 00:00:54

Health: -3/33      AC:  7    Str: 21    XL:     3   Next: 0%
Magic:  0/2        EV:  9    Int:  5    God:
Gold:   32         SH:  0    Dex:  9    Spells: 2/2 levels left

rFire    . . .     SeeInvis .   a - +0 war axe
rCold    . . .     Gourm    .   (no shield)
rNeg     . . .     Faith    .   b - +0 scale mail
rPois    .         Spirit   +   (helmet restricted)
rElec    .         Reflect  .   (no cloak)
rCorr    .         Harm     .   (no gloves)
MR       .....                  (no boots)
Stlth    ..........             g - amulet of guardian spirit
HPRegen  0.11/turn              (no ring)
MPRegen  0.08/turn              (no ring)

@: no status effects
A: retaliatory headbutt, horns 2
a: no special abilities


You were on level 2 of the Dungeon.
You were not hungry.

You visited 1 branch of the dungeon, and saw 2 of its levels.

You collected 32 gold pieces.

Inventory:

Hand Weapons
 a - a +0 war axe (weapon)
Armour
 b - a +0 scale mail (worn)
Jewellery
 e - an uncursed amulet of faith
 g - an amulet of guardian spirit (around neck)
Scrolls
 c - a scroll of enchant weapon {unknown}
 i - 2 scrolls of identify {unknown}
 k - a scroll of random uselessness {unknown}
Potions
 d - a potion of might
 j - 2 potions of degeneration {unknown}
Comestibles
 f - 4 rations
 h - 12 chunks of flesh


   Skills:
 + Level 4.0 Fighting
 * Level 3.5 Axes
 + Level 4.0 Armour
   Level 3.6 Shields


You had 2 spell levels left.
You didn't know any spells.
Your spell library was empty.

Dungeon Overview and Level Annotations

Branches:
Dungeon (2/15)

Altars:

Annotations:
D:2 Natasha


Innate Abilities, Weirdness & Mutations

You reflexively headbutt those who attack you in melee.
You have a pair of horns on your head.


Message History

* * * LOW HITPOINT WARNING * * *
You closely miss Natasha. You closely miss the goblin. Natasha claws you.
* * * LOW HITPOINT WARNING * * *
The goblin hits you but does no damage.
You barely miss Natasha. Your headbutt misses Natasha. You hit the goblin.
Natasha claws you!
* * * LOW HITPOINT WARNING * * *
The goblin barely misses you. You furiously retaliate!
You headbutt the goblin!
You kill the goblin!
You have reached level 3!
Your experience leads to an increase in your attributes!
Increase (S)trength, (I)ntelligence, or (D)exterity?
You feel stronger.
You barely miss Natasha. Natasha claws you.
* * * LOW HITPOINT WARNING * * *
Natasha claws you but does no damage.
You closely miss Natasha.
Natasha stares at you and mumbles some strange words.
The magic dart hits you!
You die...

#.. .. #.# ....
#.# ....## #.#
.!.... #.#
....#.##### #.#
........(>###.#
..............####
......)@.........#
......h#########.#
....... #.#
....... #.#
#.#...# #.# #.....
#.# ..#... #.#
#.#... #.# #.#


You could see Natasha.

Vanquished Creatures
  A leopard gecko (D:1)
  A ball python (D:1)
  A giant cockroach (D:1)
  5 goblins
  4 hobgoblins (D:1)
  2 jackals (D:1)
  2 bats (D:1)
  A frilled lizard (D:1)
  3 kobolds (D:1)
  4 rats
24 creatures vanquished.

Notes
Turn   | Place    | Note
-------+----------+-------------------------------------------
     0 | D:1      | Maize the Minotaur Fighter began the quest for the Orb.
     0 | D:1      | Reached XP level 1. HP: 19/19 MP: 0/0
    27 | D:1      | Reached XP level 2. HP: 26/27 MP: 1/1
   383 | D:2      | Noticed Natasha
   389 | D:2      | Reached XP level 3. HP: 3/33 MP: 0/2
   390 | D:2      | HP: 1/33 [Natasha (2)]
   391 | D:2      | Killed from afar by Natasha

Vault maps used:
D:1:      elethiomel_arrival_shortcut, minmay_tromino_v7
D:2:      kennysheep_slug_shrine, minitemple, nicolae_overflow_hidden_temple,
          grunt_ashenzari_visionary, uniq_sigmund, uniq_natasha

Skill      XL: |  1  2 |
---------------+-------+-----
Axes           | 3 |  3.5
Armour         | 4 |  4.0
Fighting       | 4 |  4.0
Shields        | |  3.6

Action                   || total
-------------------------++-------
Melee: War axe           ||    40
       Headbutt          ||     4
Armor: Scale mail        ||    20
Dodge: Dodged            ||    18

Table legend:
 A = Non-vault XP
 B = Vault XP
 C = Vault XP percentage of total XP
 D = Non-vault monster count
 E = Vault monster count
 F = Vault count percentage of total count
                 A         B        C        D         E       F
            +---------+---------+-------+---------+---------+-------
      Total |      35 |       6 |  14.6 |      21 |       3 |  12.5
            +---------+---------+-------+---------+---------+-------
        D:1 |      32 |       6 |  15.8 |      19 |       3 |  13.6
        D:2 |       3 |       0 |   0.0 |       2 |       0 |   0.0
            +---------+---------+-------+---------+---------+-------
